 Dungeon Crawl Stone Soup version 0.20-a0-893-g832831a (webtiles) character file.

274 4thArraOfDagon the Poker (level 5, -7/41 HPs)
             Began as a Demigod Wanderer on Mar 17, 2017.
             Mangled by a gnoll
             ... wielding a +0 halberd
              (13 damage)
             ... on level 4 of the Dungeon.
             The game lasted 00:05:02 (1080 turns).

4thArraOfDagon the Poker (Demigod Wanderer)         Turns: 1080, Time: 00:05:02

Health: -7/41      AC:  9    Str: 15    XL:     5   Next: 72%
Magic:  9/9        EV:  6    Int: 19    God:
Gold:   75         SH:  0    Dex: 14    Spells: 6/6 levels left

rFire    . . .     SeeInvis .   a - +2 spear
rCold    . . .     Gourm    .   l - +0 chain mail
rNeg     . . .     Faith    .   (no shield)
rPois    .         Spirit   .   (no helmet)
rElec    .         Reflect  .   (no cloak)
rCorr    .         Harm     .   (no gloves)
MR       .....                  j - +0 pair of boots
Stlth    ..........             (no amulet)
Regen    0.2/turn               (no ring)
MPRegen  0.2/turn               (no ring)

@: no status effects
A: high mp 1
a: no special abilities


You were on level 4 of the Dungeon.
You were not hungry.

You visited 1 branch of the dungeon, and saw 5 of its levels.

You collected 75 gold pieces.

Inventory:

Hand Weapons
 a - a +2 spear (weapon)
 c - a +0 halberd
 e - a +0 dagger
 o - a +2 flail of protection
Armour
 d - a +0 robe
 j - a +0 pair of boots (worn)
 l - a +0 chain mail (worn)
Scrolls
 g - 3 scrolls of remove curse
Books
 b - Maann's Grimoire of Moulding

   Spells                             Type                      Level
   a - Beastly Appendage              Transmutation                1
   b - Ignite Poison                  Fire/Transmutation/Poison    3
Comestibles
 f - 4 bread rations
 n - a meat ration


   Skills:
 - Level 2.0 Fighting
 * Level 5.3 Polearms
 - Level 1.7 Stealth
   Level 1.0 Shields
 - Level 1.0 Spellcasting
   Level 3.6 Conjurations


You had 6 spell levels left.
You didn't know any spells.

Dungeon Overview and Level Annotations

Branches:
Dungeon (5/15)
 Temple: D:4-7


Innate Abilities, Weirdness & Mutations

You have an increased reservoir of magic. (+10% MP)


Message History

No target in view!
No target in view!
(D) Dungeon
Where to? (Enter - D:5, ? - help)
There is a stone staircase leading down here.
You climb downwards.
A gnoll comes into view. It is wielding a club.
The gnoll shouts!
The gnoll hits you with a halberd! The gnoll hits you with a flail!
There is a stone staircase leading up, spattered with blood here.
Unknown command.
Unknown command.
The gnoll hits you with a halberd!
* * * LOW HITPOINT WARNING * * *
You climb upwards.
There is a stone staircase leading down here.
Unknown command.
Unknown command.
The gnoll hits you with a halberd!
You die...

....#....# #.###.....#
..###....###.........#
..##<......##........#
...........##........#
...........##...######
...........##...#####
#..........###......#
#...#...#.......g>..#
....#...#..###..@g..#
(..##...#..###......#
....................#
###........###....###
###........# #....#
#....###...###....###
.....# #...##.......#
.....# #....+.......###
.....###....#.........#


You could see 2 gnolls.

Vanquished Creatures
  A bullfrog (D:4)
  A scorpion (D:4)
  A howler monkey (D:4)
  A worker ant (D:4)
  4 adders
  A gnoll (D:4)
  3 oozes
  2 worms (D:2)
  3 orcs (D:4)
  5 bats
  2 giant cockroaches
  3 goblins
  7 hobgoblins
  2 frilled lizards
  A jackal skeleton (D:4)
  A kobold (D:2)
  4 rats
42 creatures vanquished.

Notes
Turn   | Place    | Note
-------+----------+-------------------------------------------
     0 | D:1      | 4thArraOfDagon the Demigod Wanderer began the quest for the Orb.
     0 | D:1      | 4thArraOfDagon set off with: a +2 spear, Maann's Grimoire of Moulding, a potion of lignification, a +0 robe, a +0 dagger, a bread ration
     0 | D:1      | Reached XP level 1. HP: 17/17 MP: 4/4
     2 | D:1      | Identified Maann's Grimoire of Moulding
    97 | D:1      | Reached skill level 1 in Polearms
   109 | D:1      | Reached XP level 2. HP: 14/24 MP: 5/5
   180 | D:2      | Reached skill level 2 in Polearms
   269 | D:2      | Reached XP level 3. HP: 5/29 MP: 6/6
   304 | D:2      | timbw: yo
   467 | D:4      | Noticed a scorpion
   536 | D:4      | Killed a scorpion
   536 | D:4      | Reached skill level 3 in Polearms
   536 | D:4      | Reached XP level 4. HP: 36/36 MP: 8/8
   542 | D:4      | Reached skill level 4 in Polearms
   553 | D:4      | Reached XP level 5. HP: 34/41 MP: 9/9
   704 | D:5      | Entered Level 5 of the Dungeon
   887 | D:4      | Reached skill level 5 in Polearms
  1080 | D:4      | Mangled by a gnoll

Vault maps used:
D:1:      scummos_arrival_simple_crosswalls, minmay_pentomino_r4
D:2:      nicolae_tso_carved_into_rock, uniq_sigmund, uniq_natasha
D:3:      lemuel_crystal_altar, led_xom_imps
D:4:      first_bread
D:5:      yredelemnul_altar_generic, minmay_temple_entry_glassed_door

Skill      XL: |  1  2  3  4  5 |
---------------+----------------+-----
Polearms       | 1 2 3 4 5 |  5.3
Fighting       | 2 |  2.0
Stealth        | |  1.7
Shields        | |  1.0
Spellcasting   | |  1.0
Conjurations   | |  3.6

Action                   |  1- 3 |  4- 6 || total
-------------------------+-------+-------++-------
Melee: Spear             |   114 |    83 ||   197
       Flail             |       |     3 ||     3
  Use: Potion            |     1 |     2 ||     3
       Scroll            |       |     4 ||     4
 Stab: Sleeping          |     1 |       ||     1
  Eat: Chunk             |       |     1 ||     1
Armor: Robe              |     8 |       ||     8
       Chain mail        |    23 |    33 ||    56
       Skin              |     9 |    53 ||    62
Dodge: Dodged            |    32 |    11 ||    43
